 Dungeon Crawl Stone Soup version 0.19.5 (webtiles) character file.

80 Jenk the Ducker (level 4, -5/45 HPs)
             Began as a Troll Berserker on Mar 24, 2017.
             Was a Follower of Trog.
             Slain by a crocodile (12 damage)
             ... in a sewer.
             The game lasted 00:12:35 (1700 turns).

Jenk the Ducker (Troll Berserker)                   Turns: 1700, Time: 00:12:35

Health: -5/45      AC:  5    Str: 26    XL:     4   Next: 18%
Magic:  3/3        EV: 10    Int:  3    God:    Trog [*.....]
Gold:   74         SH:  0    Dex:  9    Spells: 0 memorised, 3 levels left

rFire  . . .     SeeInvis .     i - -1 short sword (curse)
rCold  . . .     Gourm    +     b - +0 animal skin
rNeg   . . .     Faith    .     (no shield)
rPois  .         Spirit   .     (helmet restricted)
rElec  .         Reflect  .     (no cloak)
rCorr  .         Harm     .     (gloves unavailable)
MR     .....                    (boots unavailable)
Stlth  +.........               (no amulet)
                                (no ring)
                                (no ring)

@: no status effects
A: unfitting armour, claws 3, fast metabolism 3, gourmand, regeneration 1,
shaggy fur 1, tough skin 2
a: Berserk, Burn Spellbooks, Renounce Religion


You were in a sewer.
You worshipped Trog.
Trog was aware of your devotion.
You were not hungry.

You visited 1 branch of the dungeon, and saw 3 of its levels.
You also visited: Sewer.

You collected 74 gold pieces.

Inventory:

Hand Weapons
 a - a +0 mace
 e - a +0 club
 g - a +0 mace
 h - a +0 lajatang
 i - a cursed -1 short sword (weapon)
 j - a +0 hunting sling
 k - a cursed +0 club
 p - a +0 whip
 q - a +0 blowgun
Missiles
 f - 25 bolts
 r - 16 poisoned needles
Armour
 b - a +0 animal skin (worn)
Scrolls
 d - 2 scrolls of amnesia
Potions
 l - 2 potions of heal wounds
 n - a potion of agility
Comestibles
 c - 2 bread rations
 o - 3 chunks of flesh


   Skills:
 + Level 3.1 Fighting
 + Level 0.2 Short Blades
 + Level 3.1 Maces & Flails
 + Level 3.2 Dodging


You had 3 spell levels left.
You didn't know any spells.

Dungeon Overview and Level Annotations

Branches:
Dungeon (3/15)

Altars:
Kikubaaqudgha
Ru
Uskayaw
Vehumet
Yredelemnul


Innate Abilities, Weirdness & Mutations

You are too large for most types of armour.
You have claws for hands.
Your metabolism is lightning-fast.
You like to eat raw meat.
Your natural rate of healing is unusually fast.
You are covered in fur. (AC +1)
You have very tough skin. (AC +2)


Message History

You enter the shallow water.
Moving in this stuff is going to be slow.
The crocodile bites you!
* * * LOW HITPOINT WARNING * * *
You enter the shallow water.
Moving in this stuff is going to be slow.
The crocodile barely misses you. The crocodile bites you.
* * * LOW HITPOINT WARNING * * *
That item cannot be evoked!
You aren't carrying any items that you can evoke.
The crocodile barely misses you.
Tossing away (i - inventory):
r - 17 poisoned needles
Press: ? - help, Shift-Dir - straight line, f - crocodile
Aim: a crocodile You toss away a poisoned needle.
The poisoned needle hits the crocodile.
You hear a splash.
The crocodile bites you.
* * * LOW HITPOINT WARNING * * *
The crocodile bites you!
You die...

#...#
##.≈.##
#.....#
##≈≈..≈#
#...#...#
##≈≈###≈.#
#.≈≈# ...#
#≈≈## #..#
#.@# ≈.#
#.t# ..#
#.(## ≈#
#.≈.#
##.≈##
#...#
##.≈≈..#
#...≈.#
##.≈≈##


You could see a crocodile.

Vanquished Creatures
  Terence (D:2)
  An adder (D:2)
  A gnoll (D:1)
  A worm (D:3)
  A leopard gecko (D:3)
  2 giant cockroaches (D:3)
  6 hobgoblins
  2 jackals (Sewer)
  6 kobolds
  3 bats
  A frilled lizard (D:3)
  2 goblins
  4 rats
31 creatures vanquished.

Notes
Turn   | Place    | Note
-------+----------+-------------------------------------------
     0 | D:1      | Jenk the Troll Berserker began the quest for the Orb.
     0 | D:1      | Reached XP level 1. HP: 22/22 MP: 0/0
    51 | D:1      | Reached XP level 2. HP: 13/29 MP: 1/1
   615 | D:2      | Noticed Terence
   713 | D:2      | Reached XP level 3. HP: 24/36 MP: 2/2
   807 | D:2      | Killed Terence
  1115 | D:3      | Found a basalt altar of Yredelemnul.
  1118 | D:3      | Found a hide-covered altar of Uskayaw.
  1120 | D:3      | Found an ancient bone altar of Kikubaaqudgha.
  1301 | D:3      | Found a radiant altar of Vehumet.
  1318 | D:3      | Found a sacrificial altar of Ru.
  1528 | D:3      | Reached XP level 4. HP: 45/45 MP: 3/3
  1582 | D:3      | Found a glowing drain.
  1587 | Sewer    | Entered a sewer
  1686 | Sewer    | Noticed a crocodile
  1700 | Sewer    | Slain by a crocodile

Skill      XL: |  1  2  3 |
---------------+----------+-----
Maces & Flails | 3 |  3.1
Fighting       | 3 |  3.1
Dodging        | 3 |  3.2
Short Blades   | |  0.2

Action                   |  1- 3 |  4- 6 || total
-------------------------+-------+-------++-------
Melee: Mace              |     9 |       ||     9
       Short sword       |    95 |    51 ||   146
       Club              |    12 |       ||    12
  Use: Scroll            |     6 |     1 ||     7
       Potion            |     3 |     2 ||     5
  Eat: Chunk             |     7 |       ||     7
       Fruit             |     2 |       ||     2
       Bread ration      |     1 |       ||     1
Armor: Animal skin       |    60 |    25 ||    85
Dodge: Dodged            |    91 |    31 ||   122
